WCL
GASTONIA ROCKETS @ ANDERSON REBELS
04/25/1982
 
TOP OF THE 1ST
Gastonia Rockets batting - Pitching for Anderson Rebels : LHP Joaquin Torres
Pitching: LHP Joaquin Torres
Batting: SHB Billy Heimach 0-0: Swinging Strike
0-1: Foul Ball, location: 2F
0-2: Strikes out swinging
Batting: RHB Jackie Wright 0-0: Called Strike
0-1: Ball
1-1: Called Strike
1-2: Ball
2-2: Ball
3-2: Foul Ball, location: 2F
3-2: Ground out 5-3 (Groundball, 56S, EV 88.8 MPH)
Batting: RHB James Crawford 0-0: Ground out 6-3 (Groundball, 6MD, EV 105.6 MPH)
Top of the 1st over - 0 runs, 0 hits, 0 errors, 0 left on base; Gastonia 0 - Anderson 0
BOTTOM OF THE 1ST
Anderson Rebels batting - Pitching for Gastonia Rockets : RHP Jose Torres
Pitching: RHP Jose Torres
Batting: LHB Eli Aldridge 0-0: Called Strike
0-1: Foul Ball, location: 2F
0-2: Ball
1-2: Ball
2-2: Ball
3-2: DOUBLE (Groundball, 3L, EV 102.5 MPH)
Batting: RHB Mike Gallego 0-0: Called Strike
0-1: Fly out, F8 (Flyball, 8RD, EV 87.5 MPH)
Batting: RHB Henry Cotto 0-0: Ball
Eli Aldridge is caught stealing 3rd base 2-5
1-0: Ball
2-0: Foul Ball, location: 2F
2-1: Fly out, F5 (Popup, 5S, EV 76.3 MPH)
Bottom of the 1st over - 0 runs, 1 hit, 0 errors, 0 left on base; Gastonia 0 - Anderson 0
TOP OF THE 2ND
Gastonia Rockets batting - Pitching for Anderson Rebels : LHP Joaquin Torres
Batting: RHB Mark Davidson 0-0: Foul Ball, location: 2F
0-1: Foul Ball, location: 2F
0-2: Ball
1-2: Strikes out swinging
Batting: RHB Pat Dumouchelle 0-0: Foul Ball, location: 2F
0-1: Called Strike
0-2: Strikes out swinging
Batting: RHB David Daniels 0-0: Fly out, F9 (Flyball, 9, EV 86.3 MPH)
Top of the 2nd over - 0 runs, 0 hits, 0 errors, 0 left on base; Gastonia 0 - Anderson 0
BOTTOM OF THE 2ND
Anderson Rebels batting - Pitching for Gastonia Rockets : RHP Jose Torres
Batting: RHB Larry See 0-0: Ball
1-0: Swinging Strike
1-1: Foul Ball, location: 2F
1-2: SOLO HOME RUN (Flyball, 7D, EV 94.4 MPH), Distance : 371 ft
Batting: RHB Todd Demeter 0-0: Ball
1-0: Swinging Strike
1-1: Foul Ball, location: 2F
1-2: Foul Ball, location: 2F
1-2: Ball
2-2: Strikes out swinging
Batting: RHB Bob Brower 0-0: Bunt missed!
0-1: Ball
1-1: Called Strike
1-2: Ground out 5-3 (Groundball, 56, EV 84.4 MPH)
Batting: RHB Guillermo Montiel 0-0: Ball
1-0: Called Strike
1-1: Swinging Strike
1-2: Reached on error, E6 (Groundball, 6, EV 88.1 MPH)
Batting: RHB Jose Bernhardt 0-0: Called Strike
0-1: Fly out, F8 (Flyball, 8LD, EV 91.3 MPH)
Bottom of the 2nd over - 1 run, 1 hit, 1 error, 1 left on base; Gastonia 0 - Anderson 1
TOP OF THE 3RD
Gastonia Rockets batting - Pitching for Anderson Rebels : LHP Joaquin Torres
Batting: LHB Dale Holman 0-0: Called Strike
0-1: Foul Ball, location: 2F
0-2: Ball
1-2: Ball
2-2: Strikes out swinging
Batting: RHB Donald Murelli 0-0: Fly out, F4 (Line Drive, 4, EV 70.0 MPH)
Batting: RHB Stanley Haas 0-0: Swinging Strike
0-1: Ball
1-1: SINGLE (Line Drive, 4D, EV 103.1 MPH)
Batting: SHB Billy Heimach 0-0: Ball
1-0: Ball
2-0: Foul Ball, location: 2F
2-1: Ball
3-1: Called Strike
3-2: Strikes out swinging
Top of the 3rd over - 0 runs, 1 hit, 0 errors, 1 left on base; Gastonia 0 - Anderson 1
BOTTOM OF THE 3RD
Anderson Rebels batting - Pitching for Gastonia Rockets : RHP Jose Torres
Batting: RHB Hector Ordonez 0-0: Called Strike
0-1: Swinging Strike
0-2: Strikes out swinging
Batting: LHB Eli Aldridge 0-0: Ball
1-0: Swinging Strike
1-1: Ball
2-1: Swinging Strike
2-2: SINGLE (Groundball, 13S, EV 68.1 MPH) (infield hit)
Batting: RHB Mike Gallego 0-0: Ball
1-0: Ball
2-0: Ball
3-0: Called Strike
3-1: Base on Balls
Eli Aldridge to second
Batting: RHB Henry Cotto 0-0: Ball
1-0: Called Strike
1-1: Grounds into double play, 6-4-3 (Groundball, 6, EV 103.1 MPH)
Bottom of the 3rd over - 0 runs, 1 hit, 0 errors, 1 left on base; Gastonia 0 - Anderson 1
TOP OF THE 4TH
Gastonia Rockets batting - Pitching for Anderson Rebels : LHP Joaquin Torres
Batting: RHB Jackie Wright 0-0: Ball
1-0: Ball
2-0: Called Strike
2-1: Fly out, F9 (Flyball, 9, EV 95.0 MPH)
Batting: RHB James Crawford 0-0: Called Strike
0-1: Ball
1-1: Foul Ball, location: 2F
1-2: Strikes out swinging
Batting: RHB Mark Davidson 0-0: Foul Ball, location: 2F
0-1: Ball
1-1: Foul Ball, location: 2F
1-2: Strikes out swinging
Top of the 4th over - 0 runs, 0 hits, 0 errors, 0 left on base; Gastonia 0 - Anderson 1
BOTTOM OF THE 4TH
Anderson Rebels batting - Pitching for Gastonia Rockets : RHP Jose Torres
Batting: RHB Larry See 0-0: Ball
1-0: Foul Ball, location: 2F
1-1: Ball
2-1: SINGLE (Groundball, 6D, EV 103.8 MPH)
Batting: RHB Todd Demeter 0-0: Ball
1-0: Swinging Strike
1-1: Foul Ball, location: 2F
1-2: Ball
2-2: SINGLE (Groundball, 34D, EV 101.9 MPH)
Larry See to second
Runner from 2nd tries for 3rd, SAFE, no throw by RF
Batting: RHB Bob Brower 0-0: Called Strike
0-1: Ball
1-1: Ball
2-1: Ball
3-1: Base on Balls
Todd Demeter to second
Batting: RHB Guillermo Montiel 0-0: Ball
1-0: Ball
2-0: Called Strike
2-1: Swinging Strike
2-2: Foul Ball, location: 2F
2-2: Foul Ball, location: 2F
2-2: Foul Ball, location: 2F
2-2: Ball
3-2: Base on Balls
Larry See scores
Todd Demeter to third
Bob Brower to second
Batting: RHB Jose Bernhardt 0-0: Ball
1-0: Swinging Strike
1-1: Ball
2-1: Ball
3-1: SINGLE (Flyball, 34D, EV 86.9 MPH)
Todd Demeter scores
Bob Brower to third
Guillermo Montiel to second
Batting: RHB Hector Ordonez 0-0: Called Strike
0-1: Fly out, F7 (Flyball, 7LM, EV 91.3 MPH)
Runner from 3rd tags up, SCORES, throw by LF
Batting: LHB Eli Aldridge 0-0: Foul Ball, location: 2F
0-1: Grounds into double play, 4-6-3 (Groundball, 4, EV 98.1 MPH)
Bottom of the 4th over - 3 runs, 3 hits, 0 errors, 1 left on base; Gastonia 0 - Anderson 4
TOP OF THE 5TH
Gastonia Rockets batting - Pitching for Anderson Rebels : LHP Joaquin Torres
Batting: RHB Pat Dumouchelle 0-0: Ball
1-0: Swinging Strike
1-1: Foul Ball, location: 2F
1-2: Ball
2-2: Foul Ball, location: 2F
2-2: Strikes out swinging
Batting: RHB David Daniels 0-0: Ball
1-0: Foul Ball, location: 2F
1-1: Foul Ball, location: 2F
1-2: Ball
2-2: Foul Ball, location: 2F
2-2: Ball
3-2: Foul Ball, location: 2F
3-2: Base on Balls
Batting: LHB Dale Holman 0-0: Ball
1-0: Swinging Strike
1-1: Foul Ball, location: 2F
1-2: SINGLE (Groundball, 6MD, EV 96.9 MPH)
David Daniels to second
Runner from 2nd tries for 3rd, SAFE, no throw by CF
Batting: RHB Donald Murelli 0-0: Called Strike
0-1: Ball
1-1: Ball
2-1: Ball
3-1: Foul Ball, location: 2F
3-2: SINGLE (Flyball, 34D, EV 98.1 MPH)
David Daniels scores
Dale Holman to second
Runner from 2nd tries for 3rd, SAFE, no throw by RF
Batting: RHB Stanley Haas 0-0: Foul Ball, location: 2F
0-1: Ball
1-1: Grounds into double play, 3-6-3 (Groundball, 34, EV 81.9 MPH)
Top of the 5th over - 1 run, 2 hits, 0 errors, 1 left on base; Gastonia 1 - Anderson 4
BOTTOM OF THE 5TH
Anderson Rebels batting - Pitching for Gastonia Rockets : RHP Jose Torres
Batting: RHB Mike Gallego 0-0: Fly out, F7 (Flyball, 78XD, EV 86.9 MPH)
Batting: RHB Henry Cotto 0-0: Ball
1-0: Called Strike
1-1: Ball
2-1: Swinging Strike
2-2: Foul Ball, location: 2F
2-2: Ground out 4-3 (Groundball, 4, EV 89.4 MPH)
Batting: RHB Larry See 0-0: Called Strike
0-1: Ball
1-1: Ball
2-1: Ground out 5-3 (Groundball, 56, EV 83.1 MPH)
Bottom of the 5th over - 0 runs, 0 hits, 0 errors, 0 left on base; Gastonia 1 - Anderson 4
TOP OF THE 6TH
Gastonia Rockets batting - Pitching for Anderson Rebels : LHP Joaquin Torres
Batting: SHB Billy Heimach 0-0: Ground out 4-3 (Groundball, 4, EV 106.3 MPH)
Batting: RHB Jackie Wright 0-0: Ball
1-0: Called Strike
1-1: Ball
2-1: Foul Ball, location: 2F
2-2: Fly out, F8 (Flyball, 89D, EV 99.4 MPH)
Batting: RHB James Crawford 0-0: Fly out, F9 (Flyball, 9D, EV 106.9 MPH)
Top of the 6th over - 0 runs, 0 hits, 0 errors, 0 left on base; Gastonia 1 - Anderson 4
BOTTOM OF THE 6TH
Anderson Rebels batting - Pitching for Gastonia Rockets : RHP Jose Torres
Batting: RHB Todd Demeter 0-0: Called Strike
0-1: Ball
1-1: Ball
2-1: Called Strike
2-2: Ball
3-2: Base on Balls
Batting: RHB Bob Brower 0-0: Bunt missed!
0-1: Called Strike
0-2: Ball
1-2: Fly out, F9 (Flyball, 9LM, EV 86.9 MPH)
Batting: RHB Guillermo Montiel 0-0: Called Strike
0-1: Swinging Strike
0-2: Ball
1-2: Fly out, F7 (Flyball, 78D, EV 87.5 MPH)
Batting: RHB Jose Bernhardt 0-0: Fly out, F9 (Flyball, 9, EV 95.0 MPH)
Bottom of the 6th over - 0 runs, 0 hits, 0 errors, 1 left on base; Gastonia 1 - Anderson 4
TOP OF THE 7TH
Gastonia Rockets batting - Pitching for Anderson Rebels : LHP Joaquin Torres
Batting: RHB Mark Davidson 0-0: Ball
1-0: Fly out, F3 (Popup, 3F, EV 72.5 MPH)
Batting: RHB Pat Dumouchelle 0-0: Ball
1-0: Called Strike
1-1: Ball
2-1: Ball
3-1: Base on Balls
Batting: RHB David Daniels 0-0: Ball
1-0: Ball
2-0: Ball
3-0: Called Strike
3-1: Fielders Choice at 2nd, 5-4 (Groundball, 5, EV 92.5 MPH)
Batting: LHB Dale Holman Pickoff Throw to First - Out! 1-3
Top of the 7th over - 0 runs, 0 hits, 0 errors, 0 left on base; Gastonia 1 - Anderson 4
BOTTOM OF THE 7TH
Anderson Rebels batting - Pitching for Gastonia Rockets : RHP Jose Torres
Batting: RHB Hector Ordonez 0-0: Ball
1-0: Ball
2-0: Ball
3-0: Called Strike
3-1: Ground out 6-3 (Groundball, 6S, EV 91.9 MPH)
Batting: LHB Eli Aldridge 0-0: Ball
1-0: Called Strike
1-1: Fly out, F6 (Flyball, 6D, EV 90.0 MPH)
Batting: RHB Mike Gallego 0-0: Called Strike
0-1: Ball
1-1: Ground out 6-3 (Groundball, 6M, EV 102.5 MPH)
Bottom of the 7th over - 0 runs, 0 hits, 0 errors, 0 left on base; Gastonia 1 - Anderson 4
TOP OF THE 8TH
Gastonia Rockets batting - Pitching for Anderson Rebels : LHP Joaquin Torres
Batting: LHB Dale Holman 0-0: Ball
1-0: Fly out, F9 (Line Drive, 9, EV 105.6 MPH)
Batting: RHB Donald Murelli 0-0: SINGLE (Groundball, 25, EV 70.0 MPH) (infield hit)
Batting: RHB Stanley Haas 0-0: Called Strike
0-1: Foul Ball, location: 2F
0-2: Ball
Wild Pitch!
Donald Murelli to second
1-2: Ground out 6-3 (Groundball, 6, EV 97.5 MPH)
Batting: SHB Billy Heimach 0-0: Called Strike
0-1: Fly out, F3 (Popup, 3D, EV 61.3 MPH)
Top of the 8th over - 0 runs, 1 hit, 0 errors, 1 left on base; Gastonia 1 - Anderson 4
BOTTOM OF THE 8TH
Anderson Rebels batting - Pitching for Gastonia Rockets : RHP Jose Torres
Batting: RHB Henry Cotto 0-0: Ball
1-0: Ball
2-0: Ball
3-0: Called Strike
3-1: Base on Balls
Pitching: RHP Thomas DeRosa
Batting: RHB Larry See 0-0: Called Strike
0-1: SINGLE (Line Drive, 4D, EV 105.6 MPH)
Henry Cotto to second
Batting: RHB Todd Demeter 0-0: Called Strike
0-1: Ball
1-1: Foul Ball, location: 2F
1-2: Grounds into double play, 4-6-3 (Groundball, 4, EV 86.9 MPH)
Henry Cotto to third
Batting: RHB Bob Brower 0-0: Ball
1-0: Foul Ball, location: 2F
1-1: Foul Ball, location: 2F
1-2: Ball
2-2: Ball
Wild Pitch!
Henry Cotto scores
3-2: Foul Ball, location: 2F
3-2: Strikes out looking
Bottom of the 8th over - 1 run, 1 hit, 0 errors, 0 left on base; Gastonia 1 - Anderson 5
TOP OF THE 9TH
Gastonia Rockets batting - Pitching for Anderson Rebels : LHP Joaquin Torres
Batting: RHB Jackie Wright 0-0: Swinging Strike
0-1: SINGLE (Groundball, 56D, EV 104.4 MPH)
Batting: RHB James Crawford 0-0: Ball
1-0: Fly out, F9 (Flyball, 89S, EV 82.5 MPH)
Batting: RHB Mark Davidson 0-0: Swinging Strike
0-1: Ball
1-1: Fly out, F8 (Flyball, 8LD, EV 76.9 MPH)
Batting: RHB Pat Dumouchelle 0-0: Called Strike
0-1: Called Strike
0-2: Foul Ball, location: 2F
0-2: Ball
1-2: Ball
2-2: SINGLE (Line Drive, 89M, EV 105.6 MPH)
Jackie Wright to second
Batting: RHB David Daniels 0-0: Ball
1-0: Foul Ball, location: 2F
1-1: Swinging Strike
1-2: Strikes out swinging
Top of the 9th over - 0 runs, 2 hits, 0 errors, 2 left on base; Gastonia 1 - Anderson 5
Thursday, July 23rd, 2020 - OOTP Baseball 21.5 Build 71